 Dungeon Crawl Stone Soup version 0.25-a0-713-g4845790874 (webtiles) character file.

Game seed: 3930293712426150730, levelgen mode: deterministic

114389 Inmalk the Geomancer (level 16, -11/100 HPs)
             Began as a Gargoyle Earth Elementalist on Apr 4, 2020.
             Was the Champion of Vehumet.
             Mangled by a harpy (12 damage)
             ... on level 1 of the Shoals on Apr 5, 2020.
             The game lasted 01:42:24 (28649 turns).

Inmalk the Geomancer (Gargoyle Earth Elementalist) Turns: 28649, Time: 01:42:25

Health: -11/100    AC: 25    Str: 14    XL:     16   Next: 65%
Magic:  39/39      EV: 17    Int: 25    God:    Vehumet [******]
Gold:   2120       SH:  0    Dex: 13    Spells: 5/36 levels left

rFire    + . .     SeeInvis .   H - +6 whip of Echelem {flame, rPois rF+ Dex+3 Stlth-}
rCold    + + .     Gourm    .   (no shield)
rNeg     + . .     Faith    .   V - +2 robe {MR+}
rPois    ∞         Spirit   .   U - +1 helmet "Vaukudgh" {+Fly rC+ Int+4}
rElec    +         Reflect  .   c - +2 cloak {rC+}
rCorr    .         Harm     .   Y - +2 pair of gloves
MR       +++..                  (no boots)
Stlth    +.........             e - amulet of magic regeneration
HPRegen  0.26/turn              o - +4 ring of slaying
MPRegen  0.51/turn              P - ring of magical power

@: marked, flying
A: big wings, hooves 1, magic resistance 1, negative energy resistance 1,
electricity resistance, wild magic 1, unbreathing, petrification resistance, rot
immunity, AC +12
a: Stop Flying, Renounce Religion


You were on level 1 of the Shoals.
You worshipped Vehumet.
Vehumet was exalted by your worship.
You were not hungry.

You visited 5 branches of the dungeon, and saw 25 of its levels.
You also visited: Gauntlet and Ice Cave.

You collected 2568 gold pieces.
You spent 448 gold pieces at shops.

Inventory:

Hand Weapons
 v - a +2 morningstar of protection
 H - the +6 whip of Echelem (weapon) {flame, rPois rF+ Dex+3 Stlth-}
   (You found it on level 11 of the Dungeon)

   It has been specially enchanted to burn those struck by it, causing extra
   injury to most foes and up to half again as much damage against particularly
   susceptible opponents.
   It affects your dexterity (+3).
   It protects you from fire.
   It protects you from poison.
   It makes you less stealthy.
Missiles
 w - 214 stones (quivered)
 E - 4 throwing nets
Armour
 c - a +2 cloak of cold resistance (worn)
 z - the +0 cloak of the Tormentor {rC- rCorr Dex+6}
   (You found it on level 8 of the Dungeon)

   It affects your dexterity (+6).
   It makes you vulnerable to cold.
   It provides partial protection from all sources of acid and corrosion.
 O - a +1 hat of see invisible
 S - a +1 robe of cold resistance
 U - the +1 helmet "Vaukudgh" (worn) {+Fly rC+ Int+4}
   (You found it on level 3 of the Lair of Beasts)

   It affects your intelligence (+4).
   It protects you from cold.
   It lets you fly.
 V - a +2 robe of magic resistance (worn)
 Y - a +2 pair of gloves (worn)
Magical Staves
 n - an uncursed staff of fire
Jewellery
 e - an amulet of magic regeneration (around neck)
 l - an uncursed ring of wizardry
 o - a +4 ring of slaying (left hand)
 q - the ring of Xuugid {*Slow +Inv MP+9 Int-3 SInv}
   (You found it in a Gauntlet)

   [ring of magical power]

   It affects your intelligence (-3).
   It affects your magic capacity (+9).
   It lets you see invisible.
   It lets you turn invisible.
   It may slow you when you take damage.
 P - a ring of magical power (right hand)
Wands
 h - a wand of paralysis (6)
 D - a wand of enslavement (12)
 G - a wand of clouds (1)
 J - a wand of random effects (25)
Scrolls
 a - 2 scrolls of blinking
 k - a scroll of immolation
 p - 5 scrolls of remove curse
 s - 8 scrolls of identify
 y - 2 scrolls of fear
 C - 2 scrolls of magic mapping
 F - 9 scrolls of teleportation
 I - 3 scrolls of amnesia
 Q - 4 scrolls of enchant weapon
Potions
 b - 2 potions of invisibility
 g - 3 potions of brilliance
 i - 2 potions of magic
 j - a potion of stabbing
 m - 10 potions of curing
 r - a potion of resistance
 u - 2 potions of cancellation
 A - 2 potions of ambrosia
 L - 2 potions of haste
 R - 4 potions of heal wounds
Miscellaneous
 t - a phantom mirror
 X - a phial of floods
Comestibles
 d - 23 rations
 f - 9 chunks of flesh


   Skills:
 + Level 11.1 Fighting
 + Level 10.2 Maces & Flails
 - Level 6.0 Armour
 + Level 8.9 Dodging
 - Level 2.1 Stealth
 + Level 10.9 Spellcasting
 + Level 12.2 Conjurations
   Level 0.7 Transmutations
 * Level 10.7 Fire Magic
 + Level 13.9 Earth Magic
 - Level 6.0 Evocations


You had 5 spell levels left.
You knew the following spells:

 Your Spells              Type           Power        Failure   Level  Hunger
a - Sandblast             Erth           ######       1%          1    None
b - Stone Arrow           Conj/Erth      ######       1%          3    None
c - Lee's Rapid Deconstr  Erth           #######...   1%          5    ####...
d - Iron Shot             Conj/Erth      #######...   1%          6    #####..
e - Bolt of Magma         Conj/Fire/Erth #######...   1%          5    ####...
f - Starburst             Conj/Fire      #######...   2%          6    #####..
g - Fireball              Conj/Fire      #######...   1%          5    ####...

Your spell library contained the following spells:

 Spells                   Type           Power        Failure   Level  Hunger
 Ozocubu's Refrigeration  Ice            ###.......   86%         6    #####..
 Magic Dart               Conj           ####         1%          1    None
 Passwall                 Tmut/Erth      ######..     1%          2    None
 Searing Ray              Conj           ######       1%          2    None
 Dazzling Flash           Conj/Hex       ######       1%          3    None
 Fulminant Prism          Conj/Hex       ######....   1%          4    None
 Hailstorm                Conj/Ice       ######..     1%          4    None
 Iskenderun's Mystic Bla  Conj/Tloc      ######..     1%          4    None
 Freeze                   Ice            ###.         2%          1    None
 Petrify                  Tmut/Erth      ######..     4%          4    None
 Iskenderun's Battlesphe  Conj/Chrm      ######..     4%          5    ####...
 Frozen Ramparts          Ice            ###...       5%          3    None
 Animate Skeleton         Necr           N/A          8%          1    None
 Apportation              Tloc           ###...       8%          1    None
 Corona                   Hex            ###....      8%          1    None
 Summon Small Mammal      Summ           ###.         8%          1    None
 Ensorcelled Hibernation  Hex/Ice        ###...       11%         2    None
 Confusing Touch          Hex            ###.....     21%         3    None
 Gell's Gravitas          Tloc           ###.......   21%         3    None
 Ozocubu's Armour         Chrm/Ice       ###.....     21%         3    None
 Tukima's Dance           Hex            ###.....     21%         3    None
 Yara's Violent Unravell  Hex/Tmut       ###.......   32%         5    ####...
 Summon Ice Beast         Ice/Summ       ###.....     50%         4    None
 Summon Lightning Spire   Summ/Air       ###.....     50%         4    None
 Metabolic Englaciation   Hex/Ice        ###.......   83%         5    ####...
 Silence                  Hex/Air        ###.......   83%         5    ####...
 Orb of Destruction       Conj           #######...   10%         7    #######
 Conjure Ball Lightning   Conj/Air       ######....   19%         6    #####..
 Spellforged Servitor     Conj/Summ      ######....   63%         7    #######
 Deflect Missiles         Chrm/Air       ###.......   100%        6    #####..
 Malign Gateway           Summ/Tloc      ###.......   100%        7    #######
 Monstrous Menagerie      Summ           ###.......   100%        7    #######
 Summon Greater Demon     Summ           ###.......   100%        7    #######
 Summon Horrible Things   Summ           ###.......   100%        8    #######
 Tornado                  Air            ###.......   100%        9    #######


Dungeon Overview and Level Annotations

Branches:
Dungeon (15/15)            Temple (1/1) D:4            Lair (6/6) D:9
 Shoals (1/4) Lair:4       Spider (0/4) Lair:2        Slime (0/5) Lair:6
    Orc (2/2) D:9             Elf (0/3) Orc:2        Vaults (0/5) D:14
 Depths (0/5) D:15          IceCv (visited)         Gauntlet (visited)

Altars:
Ashenzari
Elyvilon
Fedhas
Gozag
Hepliaklqana
Kikubaaqudgha
Makhleb
Okawaru
Sif Muna
Vehumet
Yredelemnul
Zin
The Shining One
Beogh

Shops:
D:12 }   Orc:2 =*?%!

Annotations:
D:3 3 runed translucent doors, Zajic's ghost, amateur MiBe
D:5 2 transporters, iamserjio's ghost, novice OpCK


Innate Abilities, Weirdness & Mutations

You are resistant to torment.
Your stone body is resilient. (AC +12)
You are immune to poison.
Your large and strong wings let you fly indefinitely.
You resist negative energy. (rN+)
You are resistant to electric shocks. (rElec)
You can survive without breathing.
You are immune to petrification.
You are immune to rotting.
You have large cloven feet.
You are resistant to hostile enchantments. (MR+)
Your spells are a little harder to cast, but a little more powerful.


Message History

The harpy claws you. The harpy barely misses you. The harpy misses you.
The harpy completely misses you. The harpy claws you!
The harpy closely misses you. The harpy claws you!
* * * LOW HITPOINT WARNING * * *
The harpy claws you but does no damage.
There is a staircase back to the Lair here.
Unknown command.
The harpy screeches! x3
The harpy closely misses you. The harpy claws you but does no damage.
The harpy barely misses you. The harpy closely misses you.
The harpy claws you but does no damage. The harpy barely misses you.
The harpy claws you!
* * * LOW HITPOINT WARNING * * *
The harpy completely misses you. The harpy claws you!
* * * LOW HITPOINT WARNING * * *
The harpy claws you but does no damage. The harpy closely misses you.
The harpy claws you but does no damage. The harpy claws you!
* * * LOW HITPOINT WARNING * * *
The harpy claws you but does no damage. The harpy claws you!
You die...

≈≈..........≈≈≈≈≈≈≈≈≈≈≈≈≈≈≈#
≈≈.#.......≈≈...÷(.≈≈≈≈≈≈≈≈#
≈≈........≈≈..####÷.)≈≈≈≈≈≈#
≈≈≈≈.........## ##).≈≈≈≈≈≈#
.≈....####.### ##.≈≈≈≈≈≈#
......# #### #..≈≈≈≈≈≈#
......###.# ##.≈≈≈≈≈≈≈#
###.......#### ###..≈≈≈≈≈≈≈#
# #..........###@..≈≈≈≈≈≈≈≈#
###..≈≈≈......SHHH≈≈≈≈≈≈≈≈≈#
##...≈≈≈≈..≈...≈S≈≈≈≈≈≈≈≈≈≈#
##....≈≈..≈...≈≈≈≈≈≈≈≈≈≈≈≈≈#
###.≈)≈≈≈≈..≈≈≈≈≈≈≈≈≈≈≈≈≈≈#
#..≈≈≈≈≈≈≈≈≈≈≈≈≈≈≈≈≈≈≈≈≈≈#
###..≈≈≈≈≈≈≈≈≈≈≈≈≈≈≈≈≈≈≈≈≈≈#
#....≈)≈≈≈m≈≈≈≈≈≈≈≈≈≈≈≈≈≈≈≈#
.....≈≈≈≈≈≈≈≈≈≈≈≈≈≈≈≈≈≈≈≈≈≈#


You could see 2 sea snakes, a merfolk and 3 harpies.

Vanquished Creatures
  Rupert (Lair:3)
  Gastronok (Lair:2)
  An orc warlord (Orc:1)
  An ironheart preserver (D:14)
  A minotaur (Gauntlet)
  Snorg (Lair:6)
  A fire dragon (Lair:6)
  The ghost of Pivyohy the Brawler, a journeyman VSSk of Hepliaklqana (D:11)
  Fannar (Lair:3)
  Harold (D:9)
  Josephine (Lair:4)
  Erolcha (D:13)
  3 centaur warriors
  A rakshasa (D:15)
  6 hydras
  7 two-headed ogres
  A merfolk aquamancer (Shoals:1)
  A queen ant (Lair:3)
  5 death yaks
  An orc high priest (Orc:2)
  A deep troll earth mage (D:11)
  A skeletal warrior (D:15)
  A death drake (shapeshifter) (D:11)
  3 unseen horrors
  An obsidian statue (D:11)
  A lindwurm (Lair:6)
  A phantasmal warrior (D:15)
  A necromancer (D:15)
  2 wolf spider zombies (D:15)
  An orc sorcerer (Orc:1)
  3 fauns (Shoals:1)
  6 harpies (Shoals:1)
  8 orc knights
  2 deep elf magi
  An orb spider (Lair:2)
  11 ugly things
  4 cyclopes
  A merfolk siren (Lair:4)
  14 elephants
  3 manticores
  3 molten gargoyles (Lair:6)
  4 black mambas
  An iron dragon skeleton (D:15)
  Maurice (D:8)
  A water nymph (Shoals:1)
  2 ice statues (IceCv)
  An eye of devastation (shapeshifter) (Gauntlet)
  A torpor snail (Lair:6)
  2 gargoyles
  13 spiny frogs
  11 komodo dragons
  A rime drake (Lair:5)
  A spriggan zombie (D:15)
  A guardian mummy (D:15)
  6 ice devils (IceCv)
  A tengu conjurer (D:11)
  11 trolls
  5 merfolk (Shoals:1)
  Prince Ribbit (Lair:3)
  A wind drake (Shoals:1)
  A deep troll zombie (D:15)
  7 hippogriffs
  A meliai zombie (D:11)
  7 slime creatures
  2 snapping turtles (Shoals:1)
  2 blink frogs (Lair:3)
  2 dream sheep (Shoals:1)
  Sigmund (D:4)
  A spriggan (D:9)
  A spriggan skeleton (D:15)
  A redback (shapeshifter) (Gauntlet)
  4 water elementals
  3 shadows
  4 wyverns
  A flying skull (Gauntlet)
  9 wraiths
  59 yaks
  A yak (shapeshifter) (Gauntlet)
  3 hungry ghosts
  11 basilisks
  4 vampire mosquitoes
  A steam dragon (Lair:6)
  9 soldier ants
  Edmund (D:6)
  An acid dragon (D:9)
  9 wargs (Orc:2)
  4 hell hounds (Lair:6)
  12 water moccasins
  9 porcupines
  A swamp drake (Lair:2)
  43 orc warriors
  A sky beast (D:15)
  A black bear (D:9)
  A necrophage (D:9)
  A phantom (D:12)
  6 ogres
  4 ice beasts
  6 wolves (Lair:4)
  14 crocodiles
  An eye of draining (D:11)
  11 centaurs
  2 small abominations (Gauntlet)
  5 big kobolds
  21 bullfrogs
  6 gnoll sergeants
  10 scorpions
  17 killer bees
  7 wights
  4 howler monkeys
  5 lava snakes (Lair:6)
  7 crimson imps
  A bullfrog zombie (D:6)
  10 jellies
  6 centaur skeletons
  7 centaur zombies
  9 hounds
  A gnoll shaman (D:5)
  18 orc priests
  27 orc wizards
  5 bullfrog skeletons
  11 iguanas
  34 worker ants
  A killer bee zombie (D:7)
  4 hound skeletons
  A howler monkey skeleton (D:7)
  16 gnolls
  17 adders
  5 shadow imps
  5 white imps (IceCv)
  4 ufetubi (IceCv)
  16 oozes
  2 adder zombies
  An adder skeleton (D:8)
  2 worms
  3 dart slugs
  7 leopard geckos
  120 orcs
  9 bats
  7 giant cockroaches
  9 goblins
  5 hobgoblins
  7 jackals
  4 quokkas
  5 frilled lizards
  A jackal skeleton (D:4)
  11 kobolds
  2 leopard gecko zombies
  3 rats
  6 fungi
  3 plants
921 creatures vanquished.

Vanquished Creatures (others)
  A reaper (IceCv)
  An orc warrior (Orc:2)
  6 white imps (IceCv)
  6 ufetubi (IceCv)
  8 fungi
  11 plants
  8 withered plants
41 creatures vanquished.

Grand Total: 962 creatures vanquished

Notes
Turn   | Place    | Note
-------+----------+-------------------------------------------
     0 | D:1      | Inmalk the Gargoyle Earth Elementalist began the quest for
                  | the Orb.
     0 | D:1      | Reached XP level 1. HP: 10/10 MP: 3/3
   134 | D:1      | Reached skill level 4 in Earth Magic
   134 | D:1      | Reached XP level 2. HP: 7/15 MP: 3/5
   858 | D:2      | Reached XP level 3. HP: 17/19 MP: 4/6
   917 | D:2      | Found a glowing golden altar of the Shining One.
  1181 | D:2      | Learned a level 3 spell: Stone Arrow
  1187 | D:2      | Reached XP level 4. HP: 18/24 MP: 4/8
  1287 | D:2      | Reached skill level 1 in Conjurations
  1354 | D:2      | Reached skill level 5 in Earth Magic
  1696 | D:2      | Gained mutation: Your spells are a little harder to cast,
                  | but a little more powerful. [potion of mutation]
  1696 | D:2      | Gained mutation: You are resistant to hostile enchantments.
                  | (MR+) [potion of mutation]
  1696 | D:2      | Gained mutation: You have large cloven feet. [potion of
                  | mutation]
  1894 | D:3      | Reached XP level 5. HP: 28/28 MP: 4/10
  1901 | D:3      | Learned a level 5 spell: Lee's Rapid Deconstruction
  2123 | D:3      | Found a runed translucent gate.
  2123 | D:3      | Found a runed translucent gate.
  2123 | D:3      | Found a runed translucent gate.
  2627 | D:3      | Noticed Zajic's ghost (amateur MiBe)
  2739 | D:4      | Reached XP level 6. HP: 19/32 MP: 9/11
  3010 | D:4      | Reached skill level 6 in Earth Magic
  3045 | D:4      | Found a staircase to the Ecumenical Temple.
  3051 | Temple   | Entered the Ecumenical Temple
  3128 | Temple   | Became a worshipper of Vehumet
  3202 | D:4      | Noticed Sigmund
  3206 | D:4      | Killed Sigmund
  3206 | D:4      | Reached XP level 7. HP: 36/36 MP: 5/13
  3689 | D:5      | Entered Level 5 of the Dungeon
  3764 | D:5      | Reached skill level 7 in Earth Magic
  3773 | D:5      | Found a transporter.
  3934 | D:5      | Noticed iamserjio's ghost (novice OpCK)
  3935 | D:5      | Found a transporter.
  3938 | D:5      | Reached skill level 5 in Spellcasting
  3983 | D:5      | Found an iron altar of Okawaru.
  4005 | D:5      | Reached XP level 8. HP: 41/41 MP: 8/15
  4179 | D:5      | Reached skill level 5 in Conjurations
  4568 | D:5      | Reached * piety under Vehumet
  4568 | D:5      | Offered knowledge of Freeze by Vehumet.
  4600 | D:6      | Reached skill level 1 in Armour
  4786 | D:6      | Noticed Edmund
  4787 | D:6      | Reached skill level 1 in Fighting
  4794 | D:6      | Reached skill level 1 in Maces & Flails
  4824 | D:6      | Killed Edmund
  4824 | D:6      | Reached skill level 1 in Evocations
  5332 | D:6      | Reached XP level 9. HP: 21/48 MP: 17/17
  5397 | D:6      | Reached skill level 8 in Earth Magic
  5908 | D:7      | Offered knowledge of Magic Dart by Vehumet.
  5921 | D:7      | Reached ** piety under Vehumet
  6133 | D:7      | Noticed a cyclops
  6139 | D:7      | Killed a cyclops
  6491 | D:7      | Reached XP level 10. HP: 47/56 MP: 13/19
  6541 | D:7      | Learned a level 2 spell: Passwall
  6770 | D:8      | Offered knowledge of Frozen Ramparts by Vehumet.
  6877 | D:8      | Noticed Maurice
  6879 | D:8      | Got an ancient cloak
  6901 | D:8      | Killed Maurice
  6915 | D:8      | Identified the cursed +0 cloak of the Tormentor {rC- rCorr
                  | Dex+6} (You found it on level 8 of the Dungeon)
  7017 | D:8      | Reached *** piety under Vehumet
  7494 | D:9      | Found a staircase to the Lair.
  7641 | D:9      | Reached skill level 9 in Earth Magic
  7718 | D:9      | Offered knowledge of Sticky Flame by Vehumet.
  7876 | D:9      | Found a staircase to the Orcish Mines.
  7891 | D:9      | Found a roughly hewn altar of Beogh.
  7949 | D:9      | Noticed Harold
  7972 | D:9      | Killed Harold
  7972 | D:9      | Reached skill level 5 in Fighting
  7972 | D:9      | Reached skill level 5 in Armour
  7980 | D:9      | Reached XP level 11. HP: 44/63 MP: 5/21
  7994 | D:9      | Reached **** piety under Vehumet
  8070 | D:9      | Offered knowledge of Static Discharge by Vehumet.
  8402 | D:9      | Reached skill level 5 in Maces & Flails
  8995 | D:10     | Entered Level 10 of the Dungeon
  9031 | D:10     | Reached ***** piety under Vehumet
  9038 | D:10     | Offered knowledge of Hailstorm by Vehumet.
  9224 | D:10     | Killed an unseen horror
  9357 | D:10     | Reached skill level 5 in Evocations
  9362 | D:10     | Reached skill level 10 in Earth Magic
  9459 | D:10     | Noticed a two-headed ogre
  9464 | D:10     | Killed a two-headed ogre
  9464 | D:10     | Reached skill level 5 in Dodging
  9686 | D:11     | Reached XP level 12. HP: 48/71 MP: 23/23
 10218 | D:11     | Found a runed translucent gate.
 10221 | D:11     | Found a runed translucent gate.
 10222 | D:11     | Found a runed translucent gate.
 10223 | D:11     | Found an opulent altar of Gozag.
 10226 | D:11     | Noticed a two-headed ogre
 10227 | D:11     | Noticed a two-headed ogre
 10227 | D:11     | Noticed a deep troll earth mage
 10227 | D:11     | Noticed Pivyohy's ghost (journeyman VSSk)
 10578 | D:11     | Noticed a centaur warrior
 10589 | D:11     | Killed a centaur warrior
 10700 | D:11     | Got a crude whip
 10701 | D:11     | Identified the +6 whip of Echelem {flame, rPois rF+ Dex+3
                  | Stlth-} (You found it on level 11 of the Dungeon)
 11125 | D:11     | Killed a two-headed ogre
 11137 | D:11     | Killed a deep troll earth mage
 11138 | D:11     | Killed a two-headed ogre
 11140 | D:11     | Killed Pivyohy's ghost
 11431 | D:12     | Reached skill level 11 in Earth Magic
 11494 | D:12     | Noticed a two-headed ogre
 11496 | D:12     | Found Xadiel Laumu's Gadget Boutique.
 11504 | D:12     | Killed a two-headed ogre
 11513 | D:12     | Reached XP level 13. HP: 71/78 MP: 20/25
 11524 | D:12     | Offered knowledge of Starburst by Vehumet.
 11553 | D:12     | Learned a level 6 spell: Starburst
 11584 | D:12     | Reached skill level 1 in Fire Magic
 11764 | D:12     | You fall into a shaft and drop 2 floors!
 11782 | D:13     | Noticed Erolcha
 11793 | D:13     | Killed Erolcha
 13907 | D:14     | Reached skill level 10 in Conjurations
 14478 | D:14     | Found a gate to the Vaults.
 14478 | D:14     | Noticed an ironheart preserver
 14488 | D:14     | Killed an ironheart preserver
 14633 | D:14     | Offered knowledge of Bolt of Magma by Vehumet.
 14721 | D:14     | Reached skill level 5 in Fire Magic
 15144 | Lair:1   | Entered Level 1 of the Lair of Beasts
 15210 | Lair:1   | Gained mutation: Your large and strong wings let you fly
                  | indefinitely. [Gargoyle growth]
 15210 | Lair:1   | Reached XP level 14. HP: 84/84 MP: 27/27
 15391 | Lair:1   | Learned a level 5 spell: Bolt of Magma
 15751 | Lair:1   | Reached skill level 12 in Earth Magic
 16034 | Lair:2   | Noticed Gastronok
 16046 | Lair:2   | Killed Gastronok
 16120 | Lair:2   | Found a hole to the Spider Nest.
 16283 | Lair:2   | Found a frozen archway.
 16312 | IceCv    | Entered an ice cave
 16505 | IceCv    | Killed a reaper
 17711 | Lair:2   | Learned a level 6 spell: Iron Shot
 18239 | Lair:3   | Identified the +1 helmet "Vaukudgh" {+Fly rC+ Int+4} (You
                  | found it on level 3 of the Lair of Beasts)
 18326 | Lair:3   | Noticed Prince Ribbit
 18330 | Lair:3   | Killed Prince Ribbit
 18426 | Lair:3   | Noticed Rupert
 18433 | Lair:3   | Killed Rupert
 19055 | Lair:3   | Noticed Fannar
 19059 | Lair:3   | Killed Fannar
 19251 | Lair:3   | Offered knowledge of Fireball by Vehumet.
 19542 | Lair:4   | You are sucked into a shaft and drop 1 floor!
 19839 | Lair:5   | Learned a level 5 spell: Fireball
 19841 | Lair:5   | Reached XP level 15. HP: 65/92 MP: 27/28
 19910 | Lair:4   | Reached skill level 10 in Spellcasting
 20125 | Lair:4   | Noticed Josephine
 20129 | Lair:4   | Killed Josephine
 20467 | Lair:4   | Found a staircase to the Shoals.
 20483 | Lair:4   | Reached skill level 10 in Fighting
 21224 | Lair:6   | Entered Level 6 of the Lair of Beasts
 21277 | Lair:6   | Found a gate leading to a gauntlet.
 21286 | Gauntlet | Entered a Gauntlet
 21286 | Gauntlet | Found a transporter.
 21286 | Gauntlet | Found a transporter.
 21290 | Gauntlet | Found a transporter.
 21290 | Gauntlet | Found a transporter.
 21300 | Gauntlet | Found a transporter.
 21310 | Gauntlet | Found a transporter.
 21310 | Gauntlet | Found a transporter.
 21334 | Gauntlet | Found a transporter.
 21341 | Gauntlet | Found a transporter.
 21377 | Gauntlet | Found a transporter.
 21387 | Gauntlet | Found a transporter.
 21388 | Gauntlet | Found the +8 storm bow {elec, penet}
 21433 | Gauntlet | Found a transporter.
 21447 | Gauntlet | Found a transporter.
 21460 | Gauntlet | Found a transporter.
 21551 | Gauntlet | Found a transporter.
 21573 | Gauntlet | Found a transporter.
 22013 | Gauntlet | Got a glittering turquoise ring
 22019 | Gauntlet | Identified the ring of Xuugid {*Slow +Inv MP+9 Int-3 SInv}
                  | (You found it in a Gauntlet)
 22092 | Gauntlet | Identified the amulet of Taunurph {Acrobat rElec Str-5
                  | Stlth+}
 22132 | Lair:6   | Found a staircase to the Slime Pits.
 22165 | Lair:6   | Upgraded the game from 0.25-a0-705-ge9988fc0fb to
                  | 0.25-a0-713-g4845790874
 22362 | Lair:6   | Reached skill level 13 in Earth Magic
 22848 | Lair:6   | Noticed Snorg
 22852 | Lair:6   | Killed Snorg
 23415 | Lair:6   | Found a large runed translucent door.
 23416 | Lair:6   | Found a large runed translucent door.
 23533 | Lair:6   | Reached ****** piety under Vehumet
 23672 | Lair:6   | Offered knowledge of Freezing Cloud by Vehumet.
 24219 | Orc:1    | Entered Level 1 of the Orcish Mines
 24515 | Orc:2    | Entered Level 2 of the Orcish Mines
 24698 | Orc:2    | Found a staircase to the Elven Halls.
 24908 | Orc:2    | Offered knowledge of Ozocubu's Refrigeration by Vehumet.
 24929 | Orc:2    | Reached XP level 16. HP: 38/98 MP: 2/30
 24953 | Orc:2    | Found a roughly hewn altar of Beogh.
 25304 | Orc:2    | Found Taockuc's Distillery.
 25304 | Orc:2    | Found Woenyjawk's Food Shoppe.
 25331 | Orc:2    | Bought a potion of curing for 45 gold pieces
 25331 | Orc:2    | Bought a potion of curing for 45 gold pieces
 25331 | Orc:2    | Bought a potion of invisibility for 120 gold pieces
 25367 | Orc:2    | Found Wurch's Jewellery Shoppe.
 25400 | Orc:2    | Found Mob Parch's Assorted Antiques.
 25412 | Orc:2    | Bought a scroll labeled VOUTRY ZAPO for 31 gold pieces
 25449 | Orc:2    | Found Ymudyoth's Magic Scroll Shop.
 25487 | Orc:2    | Bought a scroll of magic mapping for 45 gold pieces
 25487 | Orc:2    | Bought a scroll of identify for 26 gold pieces
 25487 | Orc:2    | Bought a scroll of teleportation for 39 gold pieces
 25487 | Orc:2    | Bought a scroll of identify for 26 gold pieces
 25487 | Orc:2    | Bought a scroll of identify for 26 gold pieces
 25487 | Orc:2    | Bought a scroll of immolation for 45 gold pieces
 25911 | Orc:2    | Found a burning altar of Makhleb.
 26329 | D:15     | Entered Level 15 of the Dungeon
 26390 | D:15     | Reached skill level 10 in Fire Magic
 26458 | D:15     | Reached skill level 10 in Maces & Flails
 26659 | D:15     | Found a staircase to the Depths.
 27074 | D:15     | Offered knowledge of Ozocubu's Refrigeration by Vehumet.
 27892 | Shoals:1 | Entered Level 1 of the Shoals
 28649 | Shoals:1 | HP: 1/100 [harpy (7)]
 28649 | Shoals:1 | Mangled by a harpy

Levels and vault maps discovered:
D:1:      dpeg_arrival_snail, layout_loops_ring
D:2:      layout_basic, nicolae_overflow_crystal_walls
D:3:      layout_loops_ring, gammafunk_ghost_icy
D:4:      layout_loops_ring, minmay_temple_entry_hall, uniq_sigmund
D:5:      layout_rooms, gammafunk_ghost_hive, first_ration,
          kennysheep_okawaru_gauntlet
D:6:      layout_loops_cross, hangedman_glass_garden, uniq_edmund
D:7:      layout_loops_cross, serial_glass, glass_columns_a, glass_columns_a,
          sword_in_stone
D:8:      layout_cave_pools, uniq_maurice
D:9:      layout_long_grid, minmay_lair_entry_grove,
          minmay_orc_entry_temple_small, grunt_pizzeria, onia_ninara_cookie,
          uniq_harold
D:10:     layout_rooms
D:11:     layout_loops_cross, ebering_ghost_gozag
D:12:     layout_long_grid, serial_shops, shop
D:13:     layout_stronghold, uniq_erolcha
D:14:     layout_loops_corners, skrybe_vaults_entry_preservation,
          nicolae_water_bricks
D:15:     gammafunk_depths_entry_grave, layout_basic
Temple:   roderic_octagonal_lattice_temple
Lair:1:   lemuel_slime, layout_gridlike, serial_forest,
          infiniplex_forest_clump_cross, infiniplex_forest_lined_3,
          infiniplex_forest_clump_double, infiniplex_forest_pool, minivault_24,
          guppyfry_lair_drakes
Lair:2:   layout_chaotic_city, nicolae_spider_entry_orb_guardian,
          portal_ice_cave_entry_pillars_2, hibernation_bobbens, uniq_gastronok
Lair:3:   layout_cave_pods, serial_forest, infiniplex_forest_clump_double,
          infiniplex_forest_clump_small, infiniplex_forest_clump_long,
          infiniplex_forest_straight_5, infiniplex_forest_lined_4_way,
          infiniplex_forest_clump_diagonal, infiniplex_forest_end_1,
          infiniplex_forest_zigzag_1, infiniplex_forest_lined_corner,
          zaba_antful_of_joy, uniq_prince_ribbit2, uniq_fannar, uniq_rupert
Lair:4:   layout_regular_city, minmay_shoals_entry_lonely_mermaid,
          serial_bayou_shore_b, serial_bayou_shore_a,
          infiniplex_staircase_pool_2, uniq_josephine
Lair:5:   layout_roguey
Lair:6:   cheibrodos_lair_end_hotspot, layout_regular_city,
          nicolae_slime_entry_slimehenge, gauntlet_entry_generic,
          serial_bayou_shore_b, uniq_snorg
Shoals:1: layout_shoals, uniq_donald
Orc:1:    layout_caves
Orc:2:    st_orc_town, layout_caves, serial_shops, nicolae_shop_statue_plus,
          basic_altar

Skill      XL: |  1  2  3  4  5  6  7  8  9 10 11 12 13 14 15 16 |
---------------+-------------------------------------------------+-----
Earth Magic    | 4 5 6 7 8 9 10 11 12 13 | 13.9
Spellcasting   | 3 4 5 6 7 8 9 10 | 10.9
Conjurations   | 1 2 3 4 5 6 7 8 9 10 11 12 | 12.2
Armour         | 2 3 5 6 |  6.0
Fighting       | 2 3 5 6 7 8 9 10 11 | 11.1
Maces & Flails | 2 3 4 5 7 8 9 10 | 10.2
Dodging        | 2 3 4 5 6 7 8 |  8.9
Evocations     | 1 3 4 5 6 |  6.0
Fire Magic     | 5 7 9 10 | 10.7
Stealth        | |  2.1
Transmutations | |  0.7

Action                   |  1- 3 |  4- 6 |  7- 9 | 10-12 | 13-15 | 16-18 || total
-------------------------+-------+-------+-------+-------+-------+-------++-------
Melee: Whip              |    59 |       |    23 |    36 |   756 |   247 ||  1121
       Dagger            |     9 |   174 |   268 |   328 |       |       ||   779
       Kick              |       |    21 |    74 |    74 |   233 |    79 ||   481
       Triple sword      |       |       |       |     8 |       |       ||     8
       Staff             |       |       |       |       |    13 |       ||    13
Throw: Stone             |     1 |       |       |       |       |       ||     1
       Throwing net      |       |       |     1 |       |       |       ||     1
 Cast: Sandblast         |    23 |    37 |    13 |   107 |   139 |    53 ||   372
       Stone Arrow       |       |     4 |    51 |    50 |    86 |    16 ||   207
       Lee's Rapid Decon |       |       |    11 |    41 |    76 |    23 ||   151
       Passwall          |       |       |       |     2 |       |       ||     2
       Starburst         |       |       |       |       |     5 |     4 ||     9
       Bolt of Magma     |       |       |       |       |    22 |     2 ||    24
       Iron Shot         |       |       |       |       |    38 |    36 ||    74
       Fireball          |       |       |       |       |    21 |    17 ||    38
 Abil: Fly               |       |       |       |       |     1 |       ||     1
Evoke: Wand              |       |       |     8 |    16 |    13 |     1 ||    38
  Use: Scroll            |       |     9 |     6 |    16 |    19 |     1 ||    51
       Potion            |       |     1 |     1 |     9 |     3 |     1 ||    15
 Stab: Distracted        |     1 |       |       |       |       |       ||     1
       Sleeping          |       |     3 |     5 |     1 |       |       ||     9
       Invisible         |       |       |       |       |       |     4 ||     4
  Eat: Chunk             |     1 |     7 |    16 |    30 |    50 |    19 ||   123
       Ration            |       |       |       |       |     8 |     3 ||    11
Armor: Robe              |    33 |    60 |   127 |   282 |   277 |   162 ||   941
       Skin              |       |       |       |     9 |       |       ||     9
Dodge: Dodged            |    84 |   130 |   195 |   306 |   591 |   317 ||  1623
Block: Buckler           |       |       |       |       |     3 |       ||     3
       Rpst.: Triple sword |       |       |       |     5 |       |       ||     5

Table legend:
 A = Non-vault XP
 B = Vault XP
 C = Vault XP percentage of total XP
 D = Non-vault monster count
 E = Vault monster count
 F = Vault count percentage of total count
                 A         B        C        D         E       F
            +---------+---------+-------+---------+---------+-------
      Total |  106973 |   56441 |  34.5 |     655 |     258 |  28.3
            +---------+---------+-------+---------+---------+-------
        D:1 |      33 |       0 |   0.0 |      13 |       0 |   0.0
        D:2 |     118 |       0 |   0.0 |      27 |       0 |   0.0
        D:3 |      65 |       0 |   0.0 |      20 |       0 |   0.0
        D:4 |     429 |     238 |  35.7 |      21 |       1 |   4.5
        D:5 |     597 |       4 |   0.7 |      22 |       2 |   8.3
        D:6 |    1346 |     153 |  10.2 |      34 |       1 |   2.9
        D:7 |    1285 |     396 |  23.6 |      25 |       5 |  16.7
        D:8 |     679 |     714 |  51.3 |      25 |       3 |  10.7
        D:9 |    2389 |    4313 |  64.4 |      40 |      38 |  48.7
       D:10 |    4981 |       0 |   0.0 |      29 |       0 |   0.0
       D:11 |    6096 |    5689 |  48.3 |      40 |       7 |  14.9
       D:12 |    7521 |       0 |   0.0 |      42 |       0 |   0.0
       D:13 |    5834 |    1012 |  14.8 |      21 |       1 |   4.5
       D:14 |    6252 |    3660 |  36.9 |      20 |       9 |  31.0
       D:15 |   10694 |    3641 |  25.4 |      37 |       8 |  17.8
     Lair:1 |    3928 |     591 |  13.1 |      19 |      19 |  50.0
     Lair:2 |    5385 |    3041 |  36.1 |      21 |       3 |  12.5
     Lair:3 |    3485 |    7631 |  68.6 |      17 |      37 |  68.5
     Lair:4 |    6693 |    2571 |  27.8 |      22 |       7 |  24.1
     Lair:5 |    8991 |       0 |   0.0 |      23 |       0 |   0.0
     Lair:6 |    9116 |    9573 |  51.2 |      26 |      35 |  57.4
   Shoals:1 |   11532 |       0 |   0.0 |      27 |       0 |   0.0
      Orc:1 |    6164 |       0 |   0.0 |      51 |       0 |   0.0
      Orc:2 |    3360 |    7516 |  69.1 |      33 |      58 |  63.7
      IceCv |       0 |    3060 | 100.0 |       0 |      17 | 100.0
   Gauntlet |       0 |    2638 | 100.0 |       0 |       7 | 100.0
            +---------+---------+-------+---------+---------+-------
